TOP OF THE 1ST |
Durham Bulls batting - Pitching for Columbus Clippers : RHP Josh Hoeye
|
Pitching: RHP Josh Hoeye
|
|
Batting: RHB Jonathan Fraire
|
0-0: Ball 1-0: Swinging Strike 1-1: Foul Ball, location: 2F 1-2: Ball 2-2: Ball 3-2: SOLO HOME RUN (Flyball, 8RXD, EV 98.8 MPH), Distance : 412 ft
|
Batting: LHB Mark Marvin
|
0-0: Ball 1-0: Ball 2-0: Ball 3-0: Base on Balls
|
Batting: LHB Davion Lewis
|
0-0: Ball 1-0: Ball Mark Marvin steals 2nd base 2-0: Called Strike 2-1: Called Strike 2-2: Foul Ball, location: 2F 2-2: Foul Ball, location: 2F 2-2: Strikes out swinging
|
Batting: RHB Jeff Brower
|
0-0: Ball 1-0: Foul Ball, location: 2F 1-1: SINGLE (Groundball, 6MS, EV 74.4 MPH) (infield hit) Mark Marvin to third
|
Batting: RHB David Ward
|
0-0: SINGLE (Groundball, 6S, EV 63.8 MPH) (infield hit) Mark Marvin scores Jeff Brower to second
|
Batting: LHB Jake Rheaume
|
0-0: Ball 1-0: Ball 2-0: Ball 3-0: Base on Balls Jeff Brower to third David Ward to second
|
Batting: LHB Mario Ocana
|
0-0: SINGLE (Line Drive, 78S, EV 103.8 MPH) Jeff Brower scores David Ward to third Jake Rheaume to second Runner from 3rd tries for Home, SAFE, throw by LF to home
|
Batting: RHB Kevin Benfield
|
0-0: Ball 1-0: Swinging Strike 1-1: Ball Jake Rheaume steals 3rd base Mario Ocana to second 2-1: Called Strike 2-2: Ball 3-2: Strikes out swinging
|
Batting: SHB Jose Vargas
|
0-0: Ball 1-0: SINGLE (Groundball, 4MD, EV 108.1 MPH) Jake Rheaume scores Mario Ocana to third Runner from 3rd tries for Home, SAFE, throw by CF to home
|
Pitching: RHP Kensaku Shiba
|
|
Batting: RHB Jonathan Fraire
|
0-0: Ball 1-0: Foul Ball, location: 2F 1-1: Ball 2-1: Ball 3-1: Foul Ball, location: 2F 3-2: Foul Ball, location: 2F 3-2: Foul Ball, location: 2F 3-2: Ground out 4-3 (Groundball, 4, EV 103.8 MPH)
|
Top of the 1st over - 6 runs, 5 hits, 0 errors, 1 left on base; Durham 6 - Columbus 0 |
BOTTOM OF THE 1ST |
Columbus Clippers batting - Pitching for Durham Bulls : RHP Eric Smith
|
Pitching: RHP Eric Smith
|
|
Batting: LHB Gabe White
|
0-0: Called Strike 0-1: Fly out, F8 (Flyball, 8RM, EV 91.9 MPH)
|
Batting: RHB Wen-hua Lei
|
0-0: Ball 1-0: Foul Ball, location: 2F 1-1: Foul Ball, location: 2F 1-2: Fly out, F8 (Flyball, 89M, EV 89.4 MPH)
|
Batting: LHB Costodio Varino
|
0-0: Swinging Strike 0-1: Ground out 4-3 (Groundball, 4, EV 88.8 MPH)
|
Bottom of the 1st over - 0 runs, 0 hits, 0 errors, 0 left on base; Durham 6 - Columbus 0 |
TOP OF THE 2ND |
Durham Bulls batting - Pitching for Columbus Clippers : RHP Kensaku Shiba
|
Batting: LHB Mark Marvin
|
0-0: Ball 1-0: Foul Ball, location: 2F 1-1: Called Strike 1-2: TRIPLE (Line Drive, 78XD, EV 103.1 MPH)
|
Batting: LHB Davion Lewis
|
0-0: Ball 1-0: Foul Ball, location: 2F 1-1: Ball 2-1: Ground out U3 (Groundball, 34, EV 86.9 MPH) Mark Marvin scores
|
Batting: RHB Jeff Brower
|
0-0: Ball 1-0: Ball 2-0: Foul Ball, location: 2F 2-1: Foul Ball, location: 2F 2-2: Ball 3-2: Foul Ball, location: 2F 3-2: Base on Balls
|
Batting: RHB David Ward
|
0-0: Foul Ball, location: 2F 0-1: Called Strike 0-2: Ball 1-2: SINGLE (Groundball, 56S, EV 69.4 MPH) (infield hit) Jeff Brower to second
|
Batting: LHB Jake Rheaume
|
0-0: Called Strike 0-1: Ball 1-1: Foul Ball, location: 2F 1-2: Foul Ball, location: 2F 1-2: Ball 2-2: Ball 3-2: Fielders Choice at 2nd, 6-4 (Groundball, 6, EV 80.0 MPH) Jeff Brower to third
|
Batting: LHB Mario Ocana
|
0-0: Foul Ball, location: 2F 0-1: Ball 1-1: Called Strike 1-2: Strikes out swinging
|
Top of the 2nd over - 1 run, 2 hits, 0 errors, 2 left on base; Durham 7 - Columbus 0 |
BOTTOM OF THE 2ND |
Columbus Clippers batting - Pitching for Durham Bulls : RHP Eric Smith
|
Batting: LHB Tony Vitela
|
0-0: Ball 1-0: Ball 2-0: Ball 3-0: Base on Balls
|
Batting: LHB Nick Welling
|
0-0: Called Strike 0-1: Swinging Strike 0-2: SINGLE (Line Drive, 7S, EV 105.0 MPH) Tony Vitela to second Runner from 2nd tries for 3rd, OUT! 7-5
|
Batting: SHB Dan Hill
|
0-0: Foul Ball, location: 2F 0-1: Ball 1-1: Ball 2-1: Ball 3-1: Called Strike 3-2: Fly out, F9 (Flyball, 89M, EV 93.1 MPH)
|
Batting: RHB Danny Eberhart
|
0-0: Ball 1-0: Fielders Choice at 2nd, 6-4 (Groundball, 6, EV 92.5 MPH)
|
Bottom of the 2nd over - 0 runs, 1 hit, 0 errors, 1 left on base; Durham 7 - Columbus 0 |
TOP OF THE 3RD |
Durham Bulls batting - Pitching for Columbus Clippers : RHP Kensaku Shiba
|
Batting: RHB Kevin Benfield
|
0-0: Ball 1-0: SINGLE (Groundball, 6MD, EV 102.5 MPH)
|
Batting: SHB Jose Vargas
|
0-0: Called Strike 0-1: Foul Ball, location: 2F 0-2: Strikes out swinging
|
Batting: RHB Jonathan Fraire
|
0-0: Ball 1-0: Called Strike 1-1: Called Strike 1-2: Ball 2-2: Fielders Choice at 2nd, 5-4 (Groundball, 15, EV 85.0 MPH)
|
Batting: LHB Mark Marvin
|
0-0: Fielders Choice at 2nd, 6-4 (Groundball, 6, EV 93.1 MPH)
|
Top of the 3rd over - 0 runs, 1 hit, 0 errors, 1 left on base; Durham 7 - Columbus 0 |
BOTTOM OF THE 3RD |
Columbus Clippers batting - Pitching for Durham Bulls : RHP Eric Smith
|
Batting: RHB Josh Hoeye
|
0-0: Ball 1-0: Ball 2-0: Called Strike 2-1: Ball 3-1: Base on Balls
|
Batting: RHB Jason Sher
|
0-0: Ball 1-0: Foul Ball, location: 2F 1-1: Swinging Strike 1-2: Reached on error, E4 (Groundball, 4M, EV 86.9 MPH) Josh Hoeye to second
|
Batting: LHB Gabe White
|
0-0: Ball 1-0: Ball 2-0: Foul Ball, location: 2F 2-1: Swinging Strike 2-2: Ball 3-2: Strikes out swinging
|
Batting: RHB Wen-hua Lei
|
0-0: Ball 1-0: Called Strike 1-1: Called Strike 1-2: Strikes out swinging
|
Batting: LHB Costodio Varino
|
0-0: Ball 1-0: Ground out 2-3 (Groundball, 2L, EV 68.8 MPH)
|
Bottom of the 3rd over - 0 runs, 0 hits, 1 error, 2 left on base; Durham 7 - Columbus 0 |
TOP OF THE 4TH |
Durham Bulls batting - Pitching for Columbus Clippers : RHP Kensaku Shiba
|
Batting: LHB Davion Lewis
|
0-0: Foul Ball, location: 2F 0-1: Foul Ball, location: 2F 0-2: Strikes out looking
|
Batting: RHB Jeff Brower
|
0-0: Ball 1-0: Swinging Strike 1-1: SINGLE (Line Drive, 4D, EV 95.6 MPH)
|
Batting: RHB David Ward
|
0-0: Ball Wild Pitch! Jeff Brower to second 1-0: Ball 2-0: Ball 3-0: Base on Balls
|
Pitching: RHP Matt Zambon
|
|
Batting: LHB Jake Rheaume
|
0-0: Ball 1-0: Foul Ball, location: 2F 1-1: Ball 2-1: Ball 3-1: Foul Ball, location: 2F 3-2: Foul Ball, location: 2F 3-2: Base on Balls Jeff Brower to third David Ward to second
|
Batting: LHB Mario Ocana
|
0-0: Ball 1-0: Called Strike 1-1: Swinging Strike 1-2: Foul Ball, location: 2F 1-2: Foul Ball, location: 2F 1-2: Strikes out looking
|
Batting: RHB Kevin Benfield
|
0-0: Called Strike 0-1: Swinging Strike 0-2: SINGLE (Groundball, 6MD, EV 102.5 MPH) Jeff Brower scores David Ward to third Jake Rheaume to second Runner from 3rd tries for Home, SAFE, throw by CF to home
|
Batting: SHB Jose Vargas
|
0-0: Ball 1-0: Called Strike 1-1: Called Strike 1-2: Ball 2-2: Ball 3-2: Foul Ball, location: 2F 3-2: Foul Ball, location: 2F 3-2: Foul Ball, location: 2F 3-2: Base on Balls Jake Rheaume to third Kevin Benfield to second
|
Batting: RHB Jonathan Fraire
|
0-0: Foul Ball, location: 2F 0-1: SINGLE (Groundball, 15S, EV 67.5 MPH) (infield hit) Jake Rheaume scores Kevin Benfield to third Jose Vargas to second
|
Batting: LHB Mark Marvin
|
0-0: Called Strike 0-1: Foul Ball, location: 2F 0-2: Foul Ball, location: 2F 0-2: Ball 1-2: Ball 2-2: Foul Ball, location: 2F 2-2: Foul Ball, location: 2F 2-2: Fly out, F9 (Line Drive, 9LM, EV 90.0 MPH)
|
Top of the 4th over - 3 runs, 3 hits, 0 errors, 3 left on base; Durham 10 - Columbus 0 |
BOTTOM OF THE 4TH |
Columbus Clippers batting - Pitching for Durham Bulls : RHP Eric Smith
|
Batting: LHB Tony Vitela
|
0-0: Called Strike 0-1: Ground out 4-3 (Groundball, 4MD, EV 93.1 MPH)
|
Batting: LHB Nick Welling
|
0-0: Ball 1-0: Called Strike 1-1: Called Strike 1-2: Strikes out swinging
|
Batting: SHB Dan Hill
|
0-0: Ball 1-0: Called Strike 1-1: Called Strike 1-2: Ball 2-2: Fly out, F8 (Flyball, 8RS, EV 92.5 MPH)
|
Bottom of the 4th over - 0 runs, 0 hits, 0 errors, 0 left on base; Durham 10 - Columbus 0 |
TOP OF THE 5TH |
Durham Bulls batting - Pitching for Columbus Clippers : RHP Matt Zambon
|
Batting: LHB Davion Lewis
|
0-0: Ball 1-0: Swinging Strike 1-1: Foul Ball, location: 2F 1-2: Ball 2-2: Ground out 6-3 (Groundball, 6MS, EV 87.5 MPH)
|
Batting: RHB Jeff Brower
|
0-0: Ball 1-0: Called Strike 1-1: Foul Ball, location: 2F 1-2: Ball 2-2: DOUBLE (Line Drive, 78XD, EV 100.0 MPH)
|
Batting: RHB David Ward
|
0-0: Foul Ball, location: 2F 0-1: Swinging Strike 0-2: Strikes out looking
|
Pitching: LHP Enkei Wakamatsu
|
|
Batting: LHB Jake Rheaume
|
0-0: SINGLE (Flyball, 34D, EV 95.6 MPH) Jeff Brower to third
|
Batting: LHB Mario Ocana
|
0-0: Ball 1-0: Called Strike 1-1: Swinging Strike 1-2: SINGLE (Groundball, 15S, EV 67.5 MPH) (infield hit) Jeff Brower scores Jake Rheaume to second
|
Pitching: RHP Dan Dill
|
|
Batting: RHB Kevin Benfield
|
0-0: Swinging Strike 0-1: Fly out, F7 (Flyball, 7, EV 88.8 MPH)
|
Top of the 5th over - 1 run, 3 hits, 0 errors, 2 left on base; Durham 11 - Columbus 0 |
BOTTOM OF THE 5TH |
Columbus Clippers batting - Pitching for Durham Bulls : RHP Eric Smith
|
Batting: RHB Danny Eberhart
|
0-0: Called Strike 0-1: Ground out 5-3 (Groundball, 56S, EV 87.5 MPH)
|
Batting: RHB Josh Hoeye
|
0-0: Fly out, F6 (Popup, 6, EV 76.9 MPH)
|
Batting: RHB Jason Sher
|
0-0: Called Strike 0-1: Foul Ball, location: 2F 0-2: Foul Ball, location: 2F 0-2: Strikes out swinging
|
Bottom of the 5th over - 0 runs, 0 hits, 0 errors, 0 left on base; Durham 11 - Columbus 0 |
TOP OF THE 6TH |
Durham Bulls batting - Pitching for Columbus Clippers : RHP Dan Dill
|
Batting: SHB Jose Vargas
|
0-0: Foul Ball, location: 2F 0-1: Ball 1-1: Called Strike 1-2: Ball 2-2: Foul Ball, location: 2F 2-2: SINGLE (Groundball, 4M, EV 103.8 MPH) (infield hit)
|
Batting: RHB Jonathan Fraire
|
0-0: Fielders Choice at 2nd, 5-4 (Groundball, 56, EV 90.6 MPH)
|
Batting: LHB Mark Marvin
|
0-0: Ball 1-0: Called Strike 1-1: Ball 2-1: Called Strike 2-2: Ball 3-2: Foul Ball, location: 2F 3-2: Foul Ball, location: 2F 3-2: Base on Balls Jonathan Fraire to second
|
Batting: LHB Davion Lewis
|
0-0: Ball 1-0: Ball 2-0: Swinging Strike 2-1: Ball 3-1: Foul Ball, location: 2F 3-2: Strikes out looking
|
Batting: RHB Jeff Brower
|
0-0: Foul Ball, location: 2F 0-1: Ball 1-1: Foul Ball, location: 2F 1-2: Ball 2-2: Fly out, F7 (Flyball, 7D, EV 104.4 MPH)
|
Top of the 6th over - 0 runs, 1 hit, 0 errors, 2 left on base; Durham 11 - Columbus 0 |
BOTTOM OF THE 6TH |
Columbus Clippers batting - Pitching for Durham Bulls : RHP Eric Smith
|
Batting: LHB Gabe White
|
0-0: Called Strike 0-1: Foul Ball, location: 2F 0-2: Strikes out swinging
|
Batting: RHB Wen-hua Lei
|
0-0: Foul Ball, location: 2F 0-1: Ball 1-1: Foul Ball, location: 2F 1-2: Foul Ball, location: 2F 1-2: Foul Ball, location: 2F 1-2: Ball 2-2: Ball 3-2: Ground out 6-3 (Groundball, 6, EV 84.4 MPH)
|
Batting: LHB Costodio Varino
|
0-0: Ball 1-0: Ground out 4-3 (Groundball, 4, EV 95.6 MPH)
|
Bottom of the 6th over - 0 runs, 0 hits, 0 errors, 0 left on base; Durham 11 - Columbus 0 |
TOP OF THE 7TH |
Durham Bulls batting - Pitching for Columbus Clippers : RHP Dan Dill
|
Batting: RHB David Ward
|
0-0: Foul Ball, location: 2F 0-1: Ground out 5-3 (Groundball, 5L, EV 91.2 MPH)
|
Batting: LHB Jake Rheaume
|
0-0: Ball 1-0: Foul Ball, location: 2F 1-1: Ball 2-1: Ball 3-1: Foul Ball, location: 2F 3-2: Base on Balls
|
Batting: LHB Mario Ocana
|
0-0: Ball 1-0: Ball 2-0: SINGLE (Groundball, 56D, EV 95.6 MPH) Jake Rheaume to second
|
Batting: RHB Kevin Benfield
|
0-0: Called Strike 0-1: SINGLE (Groundball, 6D, EV 95.0 MPH) Jake Rheaume to third Mario Ocana to second Runner from 3rd tries for Home, SAFE, throw by LF to home
|
Batting: SHB Jose Vargas
|
0-0: Called Strike 0-1: Ball 1-1: Ball 2-1: Ball 3-1: Called Strike 3-2: Fly out, F7 (Flyball, 7S, EV 93.8 MPH)
|
Batting: RHB Jonathan Fraire
|
0-0: Ball 1-0: Called Strike 1-1: Ball 2-1: SINGLE (Groundball, 56S, EV 65.0 MPH) (infield hit) Mario Ocana to third Kevin Benfield to second
|
Batting: LHB Mark Marvin
|
0-0: Ground out 4-3 (Groundball, 4, EV 106.9 MPH)
|
Top of the 7th over - 1 run, 3 hits, 0 errors, 3 left on base; Durham 12 - Columbus 0 |
BOTTOM OF THE 7TH |
Columbus Clippers batting - Pitching for Durham Bulls : RHP Eric Smith
|
Batting: LHB Tony Vitela
|
0-0: Ball 1-0: Swinging Strike 1-1: Foul Ball, location: 2F 1-2: Strikes out swinging
|
Batting: LHB Nick Welling
|
0-0: Ground out 5-3 (Groundball, 56, EV 107.5 MPH)
|
Batting: SHB Dan Hill
|
0-0: Swinging Strike 0-1: Ball 1-1: Swinging Strike 1-2: Strikes out swinging
|
Bottom of the 7th over - 0 runs, 0 hits, 0 errors, 0 left on base; Durham 12 - Columbus 0 |
TOP OF THE 8TH |
Durham Bulls batting - Pitching for Columbus Clippers : RHP Dan Dill
|
Pinch Hitting: LHB Angel Ruvalcaba
|
0-0: Ball 1-0: Ground out 5-3 (Groundball, 56S, EV 68.1 MPH)
|
Batting: RHB Jeff Brower
|
0-0: Ball 1-0: Ball 2-0: Ball 3-0: Base on Balls
|
Batting: RHB David Ward
|
0-0: Called Strike 0-1: Fly out, F9 (Flyball, 9D, EV 99.4 MPH)
|
Pitching: LHP Kenji Yokoyama
|
|
Batting: LHB Jake Rheaume
|
0-0: Called Strike 0-1: Ball 1-1: Ground out 6-3 (Groundball, P, EV 75.6 MPH)
|
Top of the 8th over - 0 runs, 0 hits, 0 errors, 1 left on base; Durham 12 - Columbus 0 |
BOTTOM OF THE 8TH |
Columbus Clippers batting - Pitching for Durham Bulls : RHP Eric Smith
|
Now in LF: Jake Rheaume
|
|
Now in RF: Angel Ruvalcaba
|
|
Pinch Hitting: RHB Carlos Abrego
|
0-0: Ball 1-0: Swinging Strike 1-1: SINGLE (Line Drive, 9LS, EV 112.5 MPH)
|
Batting: RHB Josh Hoeye
|
0-0: Ball 1-0: TRIPLE (Flyball, 7LD, EV 99.4 MPH) Carlos Abrego scores
|
Batting: RHB Jason Sher
|
0-0: Called Strike 0-1: Foul Ball, location: 2F 0-2: Ball 1-2: Ground out 4-3 (Groundball, 6M, EV 85.6 MPH) Josh Hoeye scores
|
Batting: LHB Gabe White
|
0-0: Ball 1-0: Foul Ball, location: 2F 1-1: SINGLE (Groundball, 56D, EV 96.9 MPH)
|
Batting: RHB Wen-hua Lei
|
0-0: Called Strike 0-1: Ball 1-1: 2-RUN HOME RUN (Flyball, 78XD, EV 103.1 MPH), Distance : 409 ft
|
Pitching: RHP Greg Spaulding
|
|
Batting: LHB Costodio Varino
|
0-0: Ball 1-0: Ball 2-0: Ball 3-0: Base on Balls
|
Batting: LHB Tony Vitela
|
0-0: Foul Ball, location: 2F 0-1: Ball 1-1: Called Strike 1-2: Foul Ball, location: 2F 1-2: SINGLE (Groundball, 4MD, EV 106.2 MPH) Costodio Varino to second
|
Batting: LHB Nick Welling
|
0-0: Foul Ball, location: 2F 0-1: Called Strike 0-2: Ball 1-2: Foul Ball, location: 2F 1-2: Foul Ball, location: 2F 1-2: Foul Ball, location: 2F 1-2: Foul Ball, location: 2F 1-2: Ball 2-2: Strikes out swinging
|
Batting: SHB Dan Hill
|
0-0: 3-RUN HOME RUN (Flyball, 7D, EV 101.9 MPH), Distance : 390 ft
|
Pitching: RHP Justin Stone
|
|
Batting: RHB Carlos Abrego
|
0-0: Called Strike 0-1: Foul Ball, location: 2F 0-2: Ball 1-2: Foul Ball, location: 2F 1-2: Foul Ball, location: 2F 1-2: Ball 2-2: Ball 3-2: Fly out, F8 (Flyball, 8RD, EV 99.4 MPH)
|
Bottom of the 8th over - 7 runs, 6 hits, 0 errors, 0 left on base; Durham 12 - Columbus 7 |
TOP OF THE 9TH |
Durham Bulls batting - Pitching for Columbus Clippers : LHP Kenji Yokoyama
|
Now at 2B: Jason Sher
|
|
Now at 3B: Carlos Abrego
|
|
Batting: LHB Mario Ocana
|
0-0: Ground out 3-1 (Groundball, 34S, EV 86.2 MPH)
|
Batting: RHB Kevin Benfield
|
0-0: Ball 1-0: SINGLE (Line Drive, 9S, EV 111.9 MPH)
|
Batting: SHB Jose Vargas
|
0-0: Called Strike 0-1: Called Strike 0-2: Strikes out swinging
|
Batting: RHB Jonathan Fraire
|
0-0: Ball 1-0: Ball 2-0: Ball 3-0: Called Strike 3-1: Foul Ball, location: 2F 3-2: Strikes out swinging
|
Top of the 9th over - 0 runs, 1 hit, 0 errors, 1 left on base; Durham 12 - Columbus 7 |
BOTTOM OF THE 9TH |
Columbus Clippers batting - Pitching for Durham Bulls : RHP Justin Stone
|
Batting: RHB Josh Hoeye
|
0-0: Swinging Strike 0-1: Ball 1-1: Ball 2-1: Foul Ball, location: 2F 2-2: Ball 3-2: Strikes out swinging
|
Batting: RHB Jason Sher
|
0-0: Called Strike 0-1: Foul Ball, location: 2F 0-2: Ball 1-2: Ball 2-2: Ball 3-2: SINGLE (Groundball, 6MD, EV 101.9 MPH)
|
Batting: LHB Gabe White
|
0-0: Ball 1-0: Ball 2-0: Ball 3-0: Base on Balls Jason Sher to second
|
Batting: RHB Wen-hua Lei
|
0-0: Called Strike 0-1: Foul Ball, location: 2F 0-2: Fielders Choice at 2nd, 6-4 (Groundball, 6, EV 101.2 MPH) Jason Sher to third
|
Pitching: RHP Nate Russano
|
|
Batting: LHB Costodio Varino
|
0-0: Fly out, F6 (Popup, 6M, EV 53.1 MPH)
|
Bottom of the 9th over - 0 runs, 1 hit, 0 errors, 2 left on base; Durham 12 - Columbus 7 |
|